Bruins vs Blackhawks
Created - January 24, 2023 at 19:02
Goals
|
| Bruins |
3 |
1 |
0 |
4 |
| Blackhawks |
0 |
1 |
0 |
1 |
|
Shots
|
| Bruins |
12 |
8 |
8 |
28 |
| Blackhawks |
11 |
7 |
9 |
27 |
|
1st period
1. Bruins , Jonathan Toews 12 (Zack Kassian 20, Wojtek Wolski 16) at 2:56
2. Bruins , Jason Demers 4 (Wojtek Wolski 17, Zack Kassian 21) at 3:12
3. Bruins , Jason Demers 5 (Zack Kassian 22, Brendan Smith 10) at 6:18 (PP)
Penalties :
Jordan Staal (Chi) for Goalie Interference (Minor) at 6:04
2nd period
4. Blackhawks , Corey Perry 13 (Derek Roy 17) at 1:26
5. Bruins , Wojtek Wolski 10 (Jason Demers 13, Brendan Smith 11) at 2:37
Penalties :
Sean Zimmerman (Chi) for Tripping (Minor) at 8:34, Adam Pelech (Bos) for Tripping (Minor) at 11:57
3rd period
No Goal
Penalties :
No Penalty
Goalie Stats
Kevin Poulin (Bos), 26 saves from 27 shots - (0.963), W, 18-10-3, 60:00 minutes
Joe Cannata (Chi), 14 saves from 14 shots - (1.000), 37:23 minutes
Tuukka Rask (Chi), 10 saves from 14 shots - (0.714), L, 16-12-3, 22:37 minutes
Players Stats for Bruins
Player Name G A P +/- PIM S H SB GA TA FO MP PP MP PK MP
------------------------------------------------------------------------------------
Adam Pelech 0 0 0 1 2 0 1 0 0 0 0/0 7:01 0:00 0:00
Alex Petrovic 0 0 0 0 0 1 0 1 0 0 0/0 13:49 0:00 0:00
Brendan Smith 0 2 2 0 0 2 2 1 0 1 0/0 21:36 1:22 1:17
Casey Cizikas 0 0 0 0 0 2 2 0 0 0 4/5 13:55 0:00 0:16
Gabriel Landeskog 0 0 0 0 0 0 1 0 1 0 0/1 18:07 1:00 0:46
Jason Demers 2 1 3 1 0 4 0 2 0 1 0/0 25:26 1:22 1:17
Jonathan Toews 1 0 1 2 0 3 2 1 0 0 6/20 18:54 1:13 0:12
Josh Manson 0 0 0 0 0 0 0 1 0 0 0/0 13:42 0:00 0:00
Kevin Hayes 0 0 0 0 0 1 2 0 0 0 4/11 17:21 1:00 0:00
Madison Bowey 0 0 0 1 0 0 1 2 0 0 0/0 20:03 0:51 0:42
Matt Read 0 0 0 0 0 2 1 0 0 0 1/1 13:55 0:00 0:00
Mikael Backlund 0 0 0 0 0 1 1 1 0 0 1/1 9:53 0:00 0:21
Taylor Beck 0 0 0 0 0 1 0 0 0 0 0/0 8:57 0:00 0:00
Torey Krug 0 0 0 1 0 1 0 1 0 0 0/0 20:15 0:51 0:42
Victor Oreskovich 0 0 0 0 0 0 1 0 0 0 0/0 17:13 1:00 0:00
Wojtek Wolski 1 2 3 2 0 1 0 1 0 0 3/4 19:43 1:13 1:13
Zach Parise 0 0 0 0 0 3 0 1 2 0 0/0 14:27 0:00 0:00
Zack Kassian 0 3 3 2 0 6 1 0 0 1 0/1 23:43 1:13 1:10
Players Stats for Blackhawks
Player Name G A P +/- PIM S H SB GA TA FO MP PP MP PK MP
------------------------------------------------------------------------------------
Antoine Roussel 0 0 0 -1 0 0 4 0 1 0 0/0 18:10 0:53 1:16
Ben Harpur 0 0 0 0 0 1 1 0 0 0 0/0 14:26 0:00 0:57
Blake Wheeler 0 0 0 0 0 2 2 0 0 0 1/2 13:07 0:00 0:00
Brett Maclean 0 0 0 0 0 0 1 0 1 1 0/0 13:25 0:00 0:20
Calvin de Haan 0 0 0 0 0 1 0 1 0 0 0/0 14:24 0:00 0:00
Corey Perry 1 0 1 -1 0 3 1 0 0 0 0/0 16:52 0:53 0:00
Derek Roy 0 1 1 -1 0 1 3 0 0 0 8/12 16:44 0:53 0:00
Jakob Silfverberg 0 0 0 -1 0 5 3 0 0 0 0/0 19:42 1:06 0:37
James Wright 0 0 0 0 0 1 2 0 1 0 0/2 13:18 0:00 0:20
Jamie McBain 0 0 0 -1 0 2 2 1 0 1 0/0 27:22 1:16 1:16
Johnny Gaudreau 0 0 0 -1 0 5 1 0 0 0 2/3 20:19 1:06 1:16
Jordan Staal 0 0 0 -1 2 2 2 0 0 0 14/25 19:39 1:06 0:37
Mike Amadio 0 0 0 0 0 1 2 0 0 0 0/0 9:17 0:00 0:00
Nick Bonino 0 0 0 0 0 0 0 0 0 1 0/0 9:11 0:00 0:00
Radko Gudas 0 0 0 -1 0 2 2 2 0 0 0/0 27:22 1:16 1:16
Raphael Diaz 0 0 0 -1 0 1 0 1 0 0 0/0 17:40 0:43 0:57
Sean Zimmerman 0 0 0 -1 2 0 3 1 0 0 0/0 17:33 0:43 0:00
Stefan Matteau 0 0 0 0 0 0 0 0 0 0 0/0 9:14 0:00 0:00
3 Stars
1 - Jason Demers (Bos)
2 - Wojtek Wolski (Bos)
3 - Zack Kassian (Bos)
Power Play
Bruins - 1 on 2 Attempt(s) - 50.00%
Blackhawks - 0 on 1 Attempt(s) - 0.00%
Penalty Kill
Bruins - 1 on 1 Attempt(s) - 100.00%
- Score 0 goal in Penalty Kill
Blackhawks - 1 on 2 Attempt(s) - 50.00%
- Score 0 goal in Penalty Kill
Team Stat
Bruins - Hits : 15 - Faceoff Wins : 19 - Blocked Shots : 12 - Penalty Minutes : 2
Blackhawks - Hits : 29 - Faceoff Wins : 25 - Blocked Shots : 6 - Penalty Minutes : 4
Official
Referees : Kevin Pollock and Brad Meier
Linesman : Matt MacPherson and Travis Toomey
Game Notes
Joe Cannata enters game at 2:37 of 2nd period
Finance
Level 1 -- Attendance: 6000 (100.00%) -- Ticket Income $600,000
Level 2 -- Attendance: 4688 (93.76%) -- Ticket Income $281,280
Level 3 -- Attendance: 1820 (91.00%) -- Ticket Income $63,700
Level 4 -- Attendance: 4000 (100.00%) -- Ticket Income $100,000
Luxury Box -- Attendance: 1000 (100.00%) -- Ticket Income $200,000
Game was played at the United Center.
Total Attendance: 17508 (97.27%)
Total Ticket Income: $1,244,980
Other Income: $186,747
Total Income: $1,431,727
Bruins
5 vs 5 Forward
Center Left Wing Right Wing Time % Phy DF OF
1 Jonathan Toews Wojtek Wolski Zack Kassian 40 1 2 2
2 Kevin Hayes Gabriel Landeskog Victor Oreskovich 30 1 2 2
3 Casey Cizikas Zach Parise Matt Read 20 1 2 2
4 Mikael Backlund Taylor Beck Zack Kassian 10 1 2 2
5 vs 5 Defense
Defense Defense Time % Phy DF OF
1 Jason Demers Brendan Smith 40 1 2 2
2 Torey Krug Madison Bowey 30 1 2 2
3 Josh Manson Alex Petrovic 20 1 2 2
4 Adam Pelech Jason Demers 10 1 2 2
PowerPlay Forward
Center Left Wing Right Wing Time % Phy DF OF
1 Jonathan Toews Wojtek Wolski Zack Kassian 60 1 2 2
2 Kevin Hayes Gabriel Landeskog Victor Oreskovich 40 1 2 2
PowerPlay Defense
Defense Defense Time % Phy DF OF
1 Jason Demers Brendan Smith 60 1 2 2
2 Torey Krug Madison Bowey 40 1 2 2
Penalty Kill 4 Players Forward
Center Wing Time % Phy DF OF
1 Zack Kassian Wojtek Wolski 60 1 2 2
2 Gabriel Landeskog Jonathan Toews 40 1 2 2
Penalty Kill 4 Players Defense
Defense Defense Time % Phy DF OF
1 Jason Demers Brendan Smith 60 1 2 2
2 Torey Krug Madison Bowey 40 1 2 2
Penalty Kill - 3 Players Forward
Forward Time % Phy DF OF
1 Zack Kassian 60 1 2 2
2 Wojtek Wolski 40 1 2 2
Penalty Kill - 3 Players Defense
Defense Defense Time % Phy DF OF
1 Jason Demers Brendan Smith 60 1 2 2
2 Torey Krug Madison Bowey 40 1 2 2
4 vs 4 Forward
Center Wing Time % Phy DF OF
1 Zack Kassian Wojtek Wolski 60 1 2 2
2 Gabriel Landeskog Jonathan Toews 40 1 2 2
4 vs 4 Defense
Defense Defense Time % Phy DF OF
1 Jason Demers Brendan Smith 60 1 2 2
2 Torey Krug Madison Bowey 40 1 2 2
Last Minutes Offensive
Center Left Wing Right Wing Defense Defense
Jonathan Toews Wojtek Wolski Zack Kassian Jason Demers Brendan Smith
Last Minutes Defensive
Center Left Wing Right Wing Defense Defense
Jonathan Toews Wojtek Wolski Zack Kassian Jason Demers Brendan Smith
Goaltenders
Starting : Kevin Poulin
Backup : Keith Kinkaid
Extra Forwards
Normal : Zach Parise, Casey Cizikas, Mikael Backlund - PP : Zach Parise, Casey Cizikas - PK : Mikael Backlund
Extra Defensemen
Normal : Josh Manson, Alex Petrovic, Adam Pelech - PP : Josh Manson - PK : Alex Petrovic, Adam Pelech
Penalty Shots
Zack Kassian, Wojtek Wolski, Gabriel Landeskog, Jonathan Toews, Kevin Hayes
Scratches
Andreas Athanasiou (Healthy)
Blackhawks
5 vs 5 Forward
Center Left Wing Right Wing Time % Phy DF OF
1 Jordan Staal Johnny Gaudreau Jakob Silfverberg 40 1 2 2
2 Derek Roy Antoine Roussel Corey Perry 30 1 2 2
3 James Wright Brett Maclean Blake Wheeler 20 1 2 2
4 Nick Bonino Stefan Matteau Mike Amadio 10 1 2 2
5 vs 5 Defense
Defense Defense Time % Phy DF OF
1 Radko Gudas Jamie McBain 40 1 2 2
2 Raphael Diaz Sean Zimmerman 30 1 2 2
3 Calvin de Haan Ben Harpur 20 1 2 2
4 Radko Gudas Jamie McBain 10 1 2 2
PowerPlay Forward
Center Left Wing Right Wing Time % Phy DF OF
1 Jordan Staal Johnny Gaudreau Jakob Silfverberg 60 1 2 2
2 Derek Roy Antoine Roussel Corey Perry 40 1 2 2
PowerPlay Defense
Defense Defense Time % Phy DF OF
1 Radko Gudas Jamie McBain 60 1 2 2
2 Raphael Diaz Sean Zimmerman 40 1 2 2
Penalty Kill 4 Players Forward
Center Wing Time % Phy DF OF
1 Johnny Gaudreau Antoine Roussel 60 1 2 2
2 Jordan Staal Jakob Silfverberg 40 1 2 2
Penalty Kill 4 Players Defense
Defense Defense Time % Phy DF OF
1 Radko Gudas Jamie McBain 60 1 2 2
2 Raphael Diaz Sean Zimmerman 40 1 2 2
Penalty Kill - 3 Players Forward
Forward Time % Phy DF OF
1 Johnny Gaudreau 60 1 2 2
2 Antoine Roussel 40 1 2 2
Penalty Kill - 3 Players Defense
Defense Defense Time % Phy DF OF
1 Radko Gudas Jamie McBain 60 1 2 2
2 Raphael Diaz Sean Zimmerman 40 1 2 2
4 vs 4 Forward
Center Wing Time % Phy DF OF
1 Johnny Gaudreau Antoine Roussel 60 1 2 2
2 Jordan Staal Jakob Silfverberg 40 1 2 2
4 vs 4 Defense
Defense Defense Time % Phy DF OF
1 Radko Gudas Jamie McBain 60 1 2 2
2 Raphael Diaz Sean Zimmerman 40 1 2 2
Last Minutes Offensive
Center Left Wing Right Wing Defense Defense
Jordan Staal Johnny Gaudreau Jakob Silfverberg Radko Gudas Jamie McBain
Last Minutes Defensive
Center Left Wing Right Wing Defense Defense
Jordan Staal Johnny Gaudreau Jakob Silfverberg Radko Gudas Jamie McBain
Goaltenders
Starting : Tuukka Rask
Backup : Joe Cannata
Extra Forwards
Normal : Brett Maclean, Blake Wheeler, James Wright - PP : Brett Maclean, Blake Wheeler - PK : James Wright
Extra Defensemen
Normal : Calvin de Haan, Ben Harpur, Raphael Diaz - PP : Calvin de Haan - PK : Ben Harpur, Raphael Diaz
Penalty Shots
Johnny Gaudreau, Antoine Roussel, Jordan Staal, Jakob Silfverberg, Corey Perry
Scratches
Petter Granberg (Healthy)
% Time on Ice - Bruins
Lines # - Real PCT - Wanted PCT - Time Play
Normal Forward
1 - 30% - 40% - 16:42
2 - 30% - 30% - 16:43
3 - 25% - 20% - 13:51
4 - 15% - 10% - 8:32
Normal Defense
1 - 35% - 40% - 19:43
2 - 32% - 30% - 18:02
3 - 22% - 20% - 12:13
4 - 10% - 10% - 5:50
PP Forward
1 - 55% - 60% - 1:13
2 - 45% - 40% - 1:00
PP Defense
1 - 62% - 60% - 1:22
2 - 38% - 40% - 0:51
PK Forward
1 - 90% - 60% - 1:47
2 - 10% - 40% - 0:12
PK Defense
1 - 65% - 60% - 1:17
2 - 35% - 40% - 0:42
PK3 Forward
1 - 0% - 60%
2 - 0% - 40%
PK3 Defense
1 - 0% - 60%
2 - 0% - 40%
44 Forward
1 - 0% - 60%
2 - 0% - 40%
44 Defense
1 - 0% - 60%
2 - 0% - 40%
Last Minute Offensive - 0:00
Last Minute Defensive - 0:00
Total
Forward - 60:00
Defense - 60:00
|
% Time on Ice - Blackhawks
Lines # - Real PCT - Wanted PCT - Time Play
Normal Forward
1 - 32% - 40% - 17:46
2 - 28% - 30% - 15:53
3 - 23% - 20% - 12:58
4 - 16% - 10% - 9:11
Normal Defense
1 - 39% - 40% - 21:53
2 - 30% - 30% - 16:51
3 - 24% - 20% - 13:24
4 - 7% - 10% - 3:40
PP Forward
1 - 55% - 60% - 1:06
2 - 45% - 40% - 0:53
PP Defense
1 - 64% - 60% - 1:16
2 - 36% - 40% - 0:43
PK Forward
1 - 72% - 60% - 1:36
2 - 28% - 40% - 0:37
PK Defense
1 - 57% - 60% - 1:16
2 - 43% - 40% - 0:57
PK3 Forward
1 - 0% - 60%
2 - 0% - 40%
PK3 Defense
1 - 0% - 60%
2 - 0% - 40%
44 Forward
1 - 0% - 60%
2 - 0% - 40%
44 Defense
1 - 0% - 60%
2 - 0% - 40%
Last Minute Offensive - 0:00
Last Minute Defensive - 0:00
Total
Forward - 60:00
Defense - 60:00
|
Play-by-Play
1st period
0:01 of 1st period - Jordan Staal wins face-off versus Jonathan Toews in neutral zone.
1:38 of 1st period - Snap shot by Wojtek Wolski.
1:38 of 1st period - Shot Misses the Net.
2:22 of 1st period - Snap shot by Zack Kassian.
2:22 of 1st period - Shot Blocked by Calvin de Haan.
2:24 of 1st period - Slapshot by Alex Petrovic.
2:24 of 1st period - Stopped by Tuukka Rask with a rebound.
2:26 of 1st period - Slapshot by Josh Manson.
2:26 of 1st period - Shot Misses the Net.
2:48 of 1st period - Backhand shot by Mike Amadio.
2:48 of 1st period - Stopped by Kevin Poulin without a rebound.
2:49 of 1st period - Wojtek Wolski wins face-off versus Jordan Staal in Bruins zone.
2:54 of 1st period - Wrist shot by Zack Kassian.
2:54 of 1st period - Stopped by Tuukka Rask with a rebound.
2:56 of 1st period - Wrist shot by Jonathan Toews.
2:56 of 1st period - Deflect By Johnny Gaudreau.
2:56 of 1st period - Goal by Jonathan Toews - Bruins : 1 - Blackhawks : 0.
2:57 of 1st period - Wojtek Wolski wins face-off versus Derek Roy in neutral zone.
3:10 of 1st period - Snap shot by Wojtek Wolski.
3:10 of 1st period - Shot Misses the Net.
3:12 of 1st period - Slapshot by Jason Demers.
3:12 of 1st period - Goal by Jason Demers - Bruins : 2 - Blackhawks : 0.
3:13 of 1st period - Wojtek Wolski wins face-off versus Jordan Staal in neutral zone.
4:52 of 1st period - Slapshot by Johnny Gaudreau.
4:52 of 1st period - Shot Blocked by Madison Bowey.
4:54 of 1st period - Wrist shot by Jakob Silfverberg.
4:54 of 1st period - Shot Misses the Net.
4:56 of 1st period - Wrist shot by Jakob Silfverberg.
4:56 of 1st period - Stopped by Kevin Poulin with a rebound.
5:08 of 1st period - Wrist shot by Zack Kassian.
5:08 of 1st period - Stopped by Tuukka Rask with a rebound.
5:22 of 1st period - Snap shot by Zach Parise.
5:22 of 1st period - Stopped by Tuukka Rask with a rebound.
5:24 of 1st period - Slapshot by Matt Read.
5:24 of 1st period - Stopped by Tuukka Rask without a rebound.
5:25 of 1st period - Casey Cizikas wins face-off versus James Wright in Blackhawks zone.
6:04 of 1st period - Minor Penalty to Jordan Staal for Goalie Interference.
6:05 of 1st period - Jonathan Toews wins face-off versus Johnny Gaudreau in Blackhawks zone.
6:06 of 1st period - Wrist shot by Zack Kassian.
6:06 of 1st period - Shot Misses the Net.
6:08 of 1st period - Slapshot by Brendan Smith.
6:08 of 1st period - Stopped by Tuukka Rask with a rebound.
6:12 of 1st period - Snap shot by Zack Kassian.
6:12 of 1st period - Stopped by Tuukka Rask with a rebound.
6:14 of 1st period - Wrist shot by Jason Demers.
6:14 of 1st period - Shot Blocked by Radko Gudas.
6:16 of 1st period - Slapshot by Jason Demers.
6:16 of 1st period - Stopped by Tuukka Rask with a rebound.
6:18 of 1st period - Wrist shot by Jason Demers.
6:18 of 1st period - Goal by Jason Demers - Bruins : 3 - Blackhawks : 0.
6:19 of 1st period - Jordan Staal wins face-off versus Jonathan Toews in neutral zone.
6:22 of 1st period - Wrist shot by Johnny Gaudreau.
6:22 of 1st period - Stopped by Kevin Poulin with a rebound.
6:24 of 1st period - Backhand shot by Jamie McBain.
6:24 of 1st period - Shot Blocked by Josh Manson.
6:26 of 1st period - Snap shot by Johnny Gaudreau.
6:26 of 1st period - Stopped by Kevin Poulin with a rebound.
6:28 of 1st period - Slapshot by Jamie McBain.
6:28 of 1st period - Stopped by Kevin Poulin with a rebound.
6:30 of 1st period - Slapshot by Radko Gudas.
6:30 of 1st period - Shot Misses the Net.
6:32 of 1st period - Snap shot by Johnny Gaudreau.
6:32 of 1st period - Shot Misses the Net.
6:46 of 1st period - Radko Gudas is hit by Victor Oreskovich and loses puck.
7:56 of 1st period - Slapshot by Victor Oreskovich.
7:56 of 1st period - Shot Misses the Net.
8:02 of 1st period - Brendan Smith is hit by Ben Harpur and loses puck.
9:24 of 1st period - Snap shot by Casey Cizikas.
9:24 of 1st period - Stopped by Tuukka Rask with a rebound.
9:26 of 1st period - Slapshot by Josh Manson.
9:26 of 1st period - Shot Misses the Net.
9:41 of 1st period - Off-side.
9:42 of 1st period - Derek Roy wins face-off versus Jonathan Toews in neutral zone.
9:56 of 1st period - Zack Kassian is hit by Derek Roy and loses puck.
10:30 of 1st period - Jonathan Toews is hit by Antoine Roussel and loses puck.
10:37 of 1st period - Wrist shot by Corey Perry.
10:37 of 1st period - Shot Misses the Net.
10:39 of 1st period - Slapshot by Derek Roy.
10:39 of 1st period - Stopped by Kevin Poulin with a rebound.
10:41 of 1st period - Slapshot by Ben Harpur.
10:41 of 1st period - Stopped by Kevin Poulin without a rebound.
10:42 of 1st period - Johnny Gaudreau wins face-off versus Kevin Hayes in Bruins zone.
10:53 of 1st period - Wrist shot by Jakob Silfverberg.
10:53 of 1st period - Shot Misses the Net.
10:55 of 1st period - Slapshot by Jakob Silfverberg.
10:55 of 1st period - Stopped by Kevin Poulin with a rebound.
10:57 of 1st period - Wrist shot by Jordan Staal.
10:57 of 1st period - Stopped by Kevin Poulin without a rebound.
10:58 of 1st period - Blake Wheeler wins face-off versus Casey Cizikas in Bruins zone.
11:13 of 1st period - Snap shot by Blake Wheeler.
11:13 of 1st period - Stopped by Kevin Poulin with a rebound.
12:01 of 1st period - Slapshot by Radko Gudas.
12:01 of 1st period - Shot Misses the Net.
12:07 of 1st period - Calvin de Haan is hit by Jonathan Toews and loses puck.
13:41 of 1st period - Madison Bowey is hit by Jamie McBain and loses puck.
13:50 of 1st period - Snap shot by Corey Perry.
13:50 of 1st period - Shot Misses the Net.
14:11 of 1st period - Snap shot by Johnny Gaudreau.
14:11 of 1st period - Shot Misses the Net.
14:13 of 1st period - Wrist shot by Sean Zimmerman.
14:13 of 1st period - Shot Misses the Net.
14:32 of 1st period - Wrist shot by James Wright.
14:32 of 1st period - Stopped by Kevin Poulin with a rebound.
14:48 of 1st period - Slapshot by Corey Perry.
14:48 of 1st period - Shot Blocked by Mikael Backlund.
16:09 of 1st period - Jason Demers is hit by Sean Zimmerman and loses puck.
16:34 of 1st period - Jason Demers is hit by Jakob Silfverberg and loses puck.
17:20 of 1st period - Alex Petrovic is hit by Brett Maclean.
17:26 of 1st period - Wrist shot by Blake Wheeler.
17:26 of 1st period - Shot Blocked by Alex Petrovic.
17:28 of 1st period - Wrist shot by Blake Wheeler.
17:28 of 1st period - Shot Misses the Net.
17:38 of 1st period - Radko Gudas is hit by Zack Kassian.
18:21 of 1st period - Brendan Smith is hit by Antoine Roussel and loses puck.
18:36 of 1st period - Brendan Smith is hit by Derek Roy and loses puck.
19:01 of 1st period - Josh Manson is hit by James Wright and loses puck.
19:30 of 1st period - Jonathan Toews is hit by Mike Amadio.
Goals for this period are 3 for Bruins vs 0 for Blackhawks.
Shots for this period are 12 for Bruins vs 11 for Blackhawks.
2nd period
0:01 of 2nd period - Jordan Staal wins face-off versus Jonathan Toews in neutral zone.
1:04 of 2nd period - Snap shot by Casey Cizikas.
1:04 of 2nd period - Shot Misses the Net.
1:06 of 2nd period - Slapshot by Torey Krug.
1:06 of 2nd period - Stopped by Tuukka Rask without a rebound.
1:07 of 2nd period - Casey Cizikas wins face-off versus Jordan Staal in Blackhawks zone.
1:12 of 2nd period - Wrist shot by Zach Parise.
1:12 of 2nd period - Shot Misses the Net.
1:22 of 2nd period - Wrist shot by Johnny Gaudreau.
1:22 of 2nd period - Shot Misses the Net.
1:24 of 2nd period - Snap shot by Jakob Silfverberg.
1:24 of 2nd period - Stopped by Kevin Poulin without a rebound.
1:25 of 2nd period - Derek Roy wins face-off versus Jonathan Toews in Bruins zone.
1:26 of 2nd period - Snap shot by Corey Perry.
1:26 of 2nd period - Goal by Corey Perry - Bruins : 3 - Blackhawks : 1.
1:27 of 2nd period - Jordan Staal wins face-off versus Jonathan Toews in neutral zone.
1:51 of 2nd period - Icing by Jonathan Toews.
1:52 of 2nd period - Derek Roy wins face-off versus Jonathan Toews in Bruins zone.
1:57 of 2nd period - Wrist shot by Antoine Roussel.
1:57 of 2nd period - Shot Blocked by Jonathan Toews.
2:37 of 2nd period - Slapshot by Jason Demers.
2:37 of 2nd period - Deflect By Wojtek Wolski.
2:37 of 2nd period - Goal by Wojtek Wolski - Bruins : 4 - Blackhawks : 1.
2:37 of 2nd period - Joe Cannata enters game.
2:38 of 2nd period - Jordan Staal wins face-off versus Kevin Hayes in neutral zone.
2:41 of 2nd period - Slapshot by Jamie McBain.
2:41 of 2nd period - Deflect By Jakob Silfverberg.
2:41 of 2nd period - Stopped by Kevin Poulin without a rebound.
2:42 of 2nd period - Kevin Hayes wins face-off versus Jordan Staal in Bruins zone.
3:19 of 2nd period - Wrist shot by Zack Kassian.
3:19 of 2nd period - Shot Misses the Net.
3:30 of 2nd period - Icing by James Wright.
3:31 of 2nd period - Matt Read wins face-off versus James Wright in Blackhawks zone.
4:00 of 2nd period - Snap shot by Blake Wheeler.
4:00 of 2nd period - Deflect By Brett Maclean.
4:00 of 2nd period - Shot Blocked by Wojtek Wolski.
4:00 of 2nd period - Puck is out of play.
4:01 of 2nd period - Jordan Staal wins face-off versus Jonathan Toews in Bruins zone.
4:08 of 2nd period - Snap shot by Johnny Gaudreau.
4:08 of 2nd period - Stopped by Kevin Poulin without a rebound.
4:09 of 2nd period - Jonathan Toews wins face-off versus Jordan Staal in Bruins zone.
4:22 of 2nd period - Wrist shot by Jonathan Toews.
4:22 of 2nd period - Shot Misses the Net.
4:24 of 2nd period - Snap shot by Zack Kassian.
4:24 of 2nd period - Stopped by Joe Cannata without a rebound.
4:25 of 2nd period - Kevin Hayes wins face-off versus Derek Roy in Blackhawks zone.
5:26 of 2nd period - Snap shot by Zach Parise.
5:26 of 2nd period - Stopped by Joe Cannata with a rebound.
5:28 of 2nd period - Wrist shot by Brendan Smith.
5:28 of 2nd period - Stopped by Joe Cannata without a rebound.
5:29 of 2nd period - Jordan Staal wins face-off versus Kevin Hayes in Blackhawks zone.
5:34 of 2nd period - Kevin Hayes is hit by Jordan Staal.
6:01 of 2nd period - Backhand shot by Kevin Hayes.
6:01 of 2nd period - Shot Blocked by Raphael Diaz.
6:09 of 2nd period - Josh Manson is hit by Blake Wheeler and loses puck.
6:45 of 2nd period - Matt Read is hit by Johnny Gaudreau and loses puck.
7:06 of 2nd period - Backhand shot by Taylor Beck.
7:06 of 2nd period - Shot Misses the Net.
7:38 of 2nd period - Slapshot by Radko Gudas.
7:38 of 2nd period - Shot Blocked by Madison Bowey.
7:40 of 2nd period - Wrist shot by Radko Gudas.
7:40 of 2nd period - Stopped by Kevin Poulin with a rebound.
7:42 of 2nd period - Slapshot by Radko Gudas.
7:42 of 2nd period - Shot Misses the Net.
8:08 of 2nd period - Slapshot by Brett Maclean.
8:08 of 2nd period - Shot Misses the Net.
8:10 of 2nd period - Snap shot by Blake Wheeler.
8:10 of 2nd period - Stopped by Kevin Poulin without a rebound.
8:11 of 2nd period - Casey Cizikas wins face-off versus Derek Roy in Bruins zone.
8:34 of 2nd period - Minor Penalty to Sean Zimmerman for Tripping.
8:35 of 2nd period - Johnny Gaudreau wins face-off versus Jonathan Toews in Blackhawks zone.
8:35 of 2nd period - Johnny Gaudreau is hit by Jonathan Toews.
10:34 of 2nd period - Penalty to Sean Zimmerman is over, Sean Zimmerman is back on ice.
11:49 of 2nd period - Slapshot by Derek Roy.
11:49 of 2nd period - Shot Blocked by Zach Parise.
11:57 of 2nd period - Minor Penalty to Adam Pelech for Tripping.
11:58 of 2nd period - Jordan Staal wins face-off versus Zack Kassian in Bruins zone.
12:15 of 2nd period - Snap shot by Jordan Staal.
12:15 of 2nd period - Stopped by Kevin Poulin without a rebound.
12:16 of 2nd period - Derek Roy wins face-off versus Wojtek Wolski in Bruins zone.
12:35 of 2nd period - Wojtek Wolski is hit by Jamie McBain and loses puck.
13:36 of 2nd period - Antoine Roussel is hit by Casey Cizikas and loses puck.
13:57 of 2nd period - Penalty to Adam Pelech is over, Adam Pelech is back on ice.
14:13 of 2nd period - Torey Krug is hit by Blake Wheeler and loses puck.
14:52 of 2nd period - Alex Petrovic is hit by Derek Roy and loses puck.
15:50 of 2nd period - Icing by Kevin Hayes.
15:51 of 2nd period - Derek Roy wins face-off versus Kevin Hayes in Bruins zone.
16:25 of 2nd period - Off-side.
16:26 of 2nd period - Jonathan Toews wins face-off versus Jordan Staal in neutral zone.
16:35 of 2nd period - Wrist shot by Jonathan Toews.
16:35 of 2nd period - Stopped by Joe Cannata without a rebound.
16:36 of 2nd period - Jordan Staal wins face-off versus Jonathan Toews in Blackhawks zone.
16:47 of 2nd period - Wrist shot by Jonathan Toews.
16:47 of 2nd period - Shot Blocked by Radko Gudas.
17:25 of 2nd period - Slapshot by Torey Krug.
17:25 of 2nd period - Shot Blocked by Sean Zimmerman.
17:27 of 2nd period - Snap shot by Zack Kassian.
17:27 of 2nd period - Stopped by Joe Cannata with a rebound.
17:29 of 2nd period - Wrist shot by Zack Kassian.
17:29 of 2nd period - Stopped by Joe Cannata without a rebound.
17:30 of 2nd period - Kevin Hayes wins face-off versus Derek Roy in Blackhawks zone.
17:47 of 2nd period - Wrist shot by Kevin Hayes.
17:47 of 2nd period - Shot Misses the Net.
19:31 of 2nd period - Snap shot by Derek Roy.
19:31 of 2nd period - Deflect By Jason Demers.
19:31 of 2nd period - Shot Misses the Net.
19:31 of 2nd period - Puck is out of play.
19:32 of 2nd period - Casey Cizikas wins face-off versus Jordan Staal in Bruins zone.
19:32 of 2nd period - Casey Cizikas is hit by Sean Zimmerman.
19:58 of 2nd period - Madison Bowey is hit by James Wright and loses puck.
Goals for this period are 1 for Bruins vs 1 for Blackhawks.
Shots for this period are 8 for Bruins vs 7 for Blackhawks.
3rd period
0:01 of 3rd period - Jonathan Toews wins face-off versus Jordan Staal in neutral zone.
0:32 of 3rd period - Icing by Corey Perry.
0:33 of 3rd period - Derek Roy wins face-off versus Kevin Hayes in Blackhawks zone.
0:33 of 3rd period - Derek Roy is hit by Kevin Hayes.
0:44 of 3rd period - Jamie McBain is hit by Madison Bowey.
1:04 of 3rd period - Zack Kassian is hit by Radko Gudas and loses puck.
1:42 of 3rd period - Sean Zimmerman is hit by Gabriel Landeskog and loses puck.
2:15 of 3rd period - Slapshot by Corey Perry.
2:15 of 3rd period - Shot Misses the Net.
3:09 of 3rd period - Blake Wheeler is hit by Mikael Backlund and loses puck.
5:09 of 3rd period - Snap shot by Mikael Backlund.
5:09 of 3rd period - Stopped by Joe Cannata with a rebound.
5:11 of 3rd period - Wrist shot by Taylor Beck.
5:11 of 3rd period - Stopped by Joe Cannata without a rebound.
5:12 of 3rd period - Kevin Hayes wins face-off versus Jordan Staal in Blackhawks zone.
5:27 of 3rd period - Slapshot by Jakob Silfverberg.
5:27 of 3rd period - Stopped by Kevin Poulin with a rebound.
5:46 of 3rd period - Jamie McBain is hit by Casey Cizikas and loses puck.
7:23 of 3rd period - Jason Demers is hit by Antoine Roussel.
7:33 of 3rd period - Adam Pelech is hit by Jakob Silfverberg and loses puck.
11:24 of 3rd period - Jason Demers is hit by Corey Perry and loses puck.
12:43 of 3rd period - Mike Amadio is hit by Brendan Smith and loses puck.
12:50 of 3rd period - Brendan Smith is hit by Mike Amadio.
13:22 of 3rd period - Casey Cizikas is hit by Jakob Silfverberg and loses puck.
14:22 of 3rd period - Matt Read is hit by Radko Gudas and loses puck.
14:54 of 3rd period - Calvin de Haan is hit by Adam Pelech and loses puck.
15:07 of 3rd period - Snap shot by Johnny Gaudreau.
15:07 of 3rd period - Shot Misses the Net.
15:09 of 3rd period - Snap shot by Calvin de Haan.
15:09 of 3rd period - Stopped by Kevin Poulin without a rebound.
15:10 of 3rd period - Mikael Backlund wins face-off versus Blake Wheeler in Bruins zone.
15:37 of 3rd period - Gabriel Landeskog is hit by Sean Zimmerman and loses puck.
16:15 of 3rd period - Off-side.
16:16 of 3rd period - Jonathan Toews wins face-off versus Jordan Staal in neutral zone.
16:19 of 3rd period - Slapshot by Jason Demers.
16:19 of 3rd period - Stopped by Joe Cannata with a rebound.
16:27 of 3rd period - Slapshot by Johnny Gaudreau.
16:27 of 3rd period - Stopped by Kevin Poulin with a rebound.
16:29 of 3rd period - Wrist shot by Sean Zimmerman.
16:29 of 3rd period - Shot Misses the Net.
16:43 of 3rd period - Corey Perry is hit by Matt Read and loses puck.
16:50 of 3rd period - Snap shot by Zach Parise.
16:50 of 3rd period - Stopped by Joe Cannata with a rebound.
16:52 of 3rd period - Wrist shot by Casey Cizikas.
16:52 of 3rd period - Stopped by Joe Cannata without a rebound.
16:53 of 3rd period - Jordan Staal wins face-off versus Gabriel Landeskog in Blackhawks zone.
17:28 of 3rd period - Wrist shot by Wojtek Wolski.
17:28 of 3rd period - Deflect By Jonathan Toews.
17:28 of 3rd period - Stopped by Joe Cannata with a rebound.
17:30 of 3rd period - Snap shot by Zack Kassian.
17:30 of 3rd period - Shot Blocked by Jamie McBain.
17:48 of 3rd period - Snap shot by Matt Read.
17:48 of 3rd period - Stopped by Joe Cannata without a rebound.
17:49 of 3rd period - Jordan Staal wins face-off versus Jonathan Toews in Blackhawks zone.
17:49 of 3rd period - Jordan Staal is hit by Brendan Smith.
17:56 of 3rd period - Off-side.
17:57 of 3rd period - Jordan Staal wins face-off versus Jonathan Toews in neutral zone.
18:14 of 3rd period - Slapshot by Jordan Staal.
18:14 of 3rd period - Shot Blocked by Jason Demers.
18:16 of 3rd period - Slapshot by Raphael Diaz.
18:16 of 3rd period - Stopped by Kevin Poulin with a rebound.
18:18 of 3rd period - Wrist shot by Jordan Staal.
18:18 of 3rd period - Deflect By Johnny Gaudreau.
18:18 of 3rd period - Stopped by Kevin Poulin with a rebound.
18:26 of 3rd period - Snap shot by Johnny Gaudreau.
18:26 of 3rd period - Deflect By Jakob Silfverberg.
18:26 of 3rd period - Shot Misses the Net.
18:26 of 3rd period - Puck is out of play.
18:27 of 3rd period - Derek Roy wins face-off versus Kevin Hayes in Bruins zone.
18:32 of 3rd period - Snap shot by Corey Perry.
18:32 of 3rd period - Stopped by Kevin Poulin with a rebound.
18:34 of 3rd period - Wrist shot by Corey Perry.
18:34 of 3rd period - Shot Blocked by Torey Krug.
18:38 of 3rd period - Snap shot by Antoine Roussel.
18:38 of 3rd period - Deflect By Corey Perry.
18:38 of 3rd period - Stopped by Kevin Poulin with a rebound.
18:40 of 3rd period - Slapshot by Radko Gudas.
18:40 of 3rd period - Stopped by Kevin Poulin without a rebound.
18:41 of 3rd period - Jonathan Toews wins face-off versus Jordan Staal in Bruins zone.
18:47 of 3rd period - Off-side.
18:48 of 3rd period - Jordan Staal wins face-off versus Jonathan Toews in neutral zone.
18:57 of 3rd period - Backhand shot by Johnny Gaudreau.
18:57 of 3rd period - Shot Blocked by Jason Demers.
18:59 of 3rd period - Wrist shot by Johnny Gaudreau.
18:59 of 3rd period - Shot Blocked by Brendan Smith.
19:01 of 3rd period - Slapshot by Jamie McBain.
19:01 of 3rd period - Shot Misses the Net.
19:03 of 3rd period - Backhand shot by Jamie McBain.
19:03 of 3rd period - Stopped by Kevin Poulin without a rebound.
19:04 of 3rd period - Derek Roy wins face-off versus Kevin Hayes in Bruins zone.
19:16 of 3rd period - Wrist shot by Victor Oreskovich.
19:16 of 3rd period - Deflect By Kevin Hayes.
19:16 of 3rd period - Stopped by Joe Cannata without a rebound.
19:17 of 3rd period - Jordan Staal wins face-off versus Jonathan Toews in Blackhawks zone.
19:22 of 3rd period - Jason Demers is hit by Jordan Staal and loses puck.
19:43 of 3rd period - Corey Perry is hit by Kevin Hayes and loses puck.
19:52 of 3rd period - Josh Manson is hit by Antoine Roussel and loses puck.
Goals for this period are 0 for Bruins vs 0 for Blackhawks.
Shots for this period are 8 for Bruins vs 9 for Blackhawks.